 Dungeon Crawl Stone Soup version 0.31-a0-216-g22e908daa7 (webtiles) character file.

Game seed: 789739129804189015

115 qw the Shooter (level 5, -1/30 HPs)
             Began as a Gargoyle Hexslinger on July 2, 2023.
             Slain by an orc
             ... wielding a +0 trident
              (6 damage)
             ... on level 3 of the Dungeon.
             The game lasted 00:00:51 (2083 turns).

qw the Shooter (Gargoyle Hexslinger)                Turns: 2083, Time: 00:00:51

Health: -1/30      AC:  7    Str: 11    XL:     5   Next: 0%
Magic:  6/6        EV: 11    Int: 14    God:
Gold:   206        SH:  0    Dex: 14    Spells: 5/6 levels left

rFire   + . .        Y - +1 sling
rCold   . . .        (no shield)
rNeg    + . .        e - +0 leather armour
rPois   inf          (no helmet)
rElec   +            (no cloak)
rCorr   .            (no gloves)
SInv    .            (no boots)
Will    +....        (no amulet)
Stlth   +            j - ring of protection from fire
HPRegen 0.25/turn    n - ring of willpower
MPRegen 0.10/turn

%: no passive effects
@: no status effects
A: sickness immunity, AC +4, negative energy resistance 1, electricity
resistance, torment resistance 1, petrification resistance
a: no special abilities


You were on level 3 of the Dungeon.
You visited 1 branch of the dungeon, and saw 3 of its levels.

You collected 206 gold pieces.


Innate Abilities, Weirdness & Mutations

You are immune to sickness and miasma.
Your stone body is resilient. (AC +4)
You are immune to poison.
You resist negative energy. (rN+)
You are resistant to electric shocks. (rElec)
You are resistant to unholy torment.
You are immune to petrification.


   Skills:
 - Level 2.0 Fighting
 + Level 4.7 Ranged Weapons
 - Level 1.5 Dodging
 - Level 1.0 Spellcasting
 - Level 2.6 Hexes


You had 5 spell levels left.
You knew the following spells:

 Your Spells              Type           Power      Damage    Failure   Level
a - Slow                  Hex            32%        N/A       12%         1

Your spell library contained the following spells:

 Spells                   Type           Power      Damage    Failure   Level
 Inner Flame              Hex/Fire       4%         N/A       52%         3
 Portal Projectile        Hex/Tloc       8%         N/A       52%         3
 Cause Fear               Hex            4%         N/A       75%         4

Inventory:

Hand Weapons
 Y - a +1 sling (weapon)
Armour
 a - a +2 cloak
 e - a +0 leather armour (worn)
 p - a +2 pair of boots
Jewellery
 j - a ring of protection from fire (left hand)
 n - a ring of willpower (right hand)
Scrolls
 b - a scroll of vulnerability {unknown}
Potions
 d - a potion of brilliance {unknown}
 h - a potion of berserk rage {unknown}
 i - a potion of might {unknown}
 k - a potion of enlightenment {unknown}
 l - a potion of magic {unknown}
 o - a potion of attraction {unknown}

Dungeon Overview and Level Annotations

Branches:
Dungeon (3/15)

Altars:

Shops:
D:3 (:


Message History

Pain shoots through your body!
The orc hits you from afar with a +0 trident.
The orc priest hits you with a +2 short sword of electrocution.
The orc misses you. The orc hits you with a +0 whip.
You shoot a sling bullet.
The sling bullet closely misses the orc priest.
The orc priest hits you with a +2 short sword of electrocution.
The orc barely misses you. The orc hits you but does no damage.
You shoot a sling bullet.
The sling bullet closely misses the orc priest.
The orc priest calls down the wrath of Beogh upon you.
Pain shoots through your body! The orc completely misses you.
The orc barely misses you.
You shoot a sling bullet.
The sling bullet hits the orc priest but does no damage.
The orc priest calls down the wrath of Beogh upon you.
You resist with some effort. The orc barely misses you. x2
You shoot a sling bullet.
The sling bullet closely misses the orc priest.
The orc priest casts a cantrip, but nothing happens.
The orc hits you but does no damage.
The orc hits you from afar with a +0 trident.
An orc comes into view. It is wielding a +0 war axe.
You shoot a sling bullet.
The sling bullet closely misses the orc priest.
The orc priest barely misses you. The orc barely misses you. x2
You shoot a sling bullet.
The sling bullet barely misses the orc priest.
The sling bullet hits the orc!
The orc is almost dead.
The orc priest barely misses you. The orc hits you but does no damage.
The orc hits you from afar with a +0 trident.
The orc priest looks encouraged for a moment.
The orc barely misses you. The orc hits you with a +0 whip.
You shoot a sling bullet. The sling bullet hits the orc priest.
The orc priest is heavily wounded.
The orc priest hits you but does no damage.
The orc hits you but does no damage.
The orc hits you from afar with a +0 trident.
You die...

.####......# #.#
#...# #....#.###.#
#...# #....#.....##
###%# ###...........#
#.# ##
.......##.##..#
#.###.
.......##.##..#
#.....
##+#...##...###
#.(... #..o###..#\+
#..... #.oo@%%..###.
#.....
#.o#####.###.###....#
..... #.# #...#.....
....... #.# #......#
#####..
##.######.....# ..o
####.....#....# ....
##\'.....#....# ..l.
..#####.####.#...
..........<(..#..#


You could see an orc priest and 3 orcs.

Vanquished Creatures
  An orc priest (D:2)
  An adder (D:3)
  A white imp (D:3)
  A worm (D:3)
  2 dart slugs (D:2)
  3 orcs
  7 endoplasms
  2 giant cockroaches (D:1)
  12 hobgoblins
  2 quokkas
  4 ball pythons
  A bat (D:2)
  2 frilled lizards
  3 goblins
  11 kobolds
  8 rats
61 creatures vanquished.

Notes
Turn   | Place    | Note
-------+----------+-------------------------------------------
     0 | D:1      | qw the Gargoyle Hexslinger began the quest for the Orb.
     0 | D:1      | Reached XP level 1. HP: 12/12 MP: 2/2
     0 | D:1      | 0 ||| qw: Version: 0.3-a-35-g05ef00e
     0 | D:1      | 0 ||| qw: Game counter: 7833
     0 | D:1      | 0 ||| qw: Melee chars always use a shield: true
     0 | D:1      | 0 ||| qw: God list: Okawaru
     0 | D:1      | 0 ||| qw: Allow faded altars: false
     0 | D:1      | 0 ||| qw: Do Orc after clearing Dungeon:15 true
     0 | D:1      | 0 ||| qw: Do second Lair branch before Depths: true
     0 | D:1      | 0 ||| qw: Lair rune preference: random
     0 | D:1      | 0 ||| qw: Goals: Normal
     0 | D:1      | 0 ||| PLANNING D:1-11
   117 | D:1      | Reached XP level 2. HP: 16/16 MP: 3/3
   192 | D:1      | Reached skill level 3 in Ranged Weapons
   256 | D:1      | Found a faded altar of an unknown god.
   716 | D:1      | Reached XP level 3. HP: 21/21 MP: 4/4
   907 | D:1      | 907 ||| UPGRADING to ring of protection from fire.
   908 | D:1      | 908 ||| READING scroll labelled CUHIGE RYXAU.
   909 | D:1      | 909 ||| READING scroll labelled BITITE DABBUGH.
   910 | D:1      | 910 ||| DRINKING 2 bubbling emerald potions.
   911 | D:1      | 911 ||| DROPPING scroll of poison.
   999 | D:2      | Reached XP level 4. HP: 21/26 MP: 5/5
  1096 | D:2      | Reached skill level 4 in Ranged Weapons
  1106 | D:2      | HP: 6/26 [kobold/+0 whip (3)]
  1107 | D:2      | 1107 ||| DRINKING potion of heal wounds.
  1730 | D:2      | 1730 ||| UPGRADING to +0 leather armour.
  1740 | D:2      | 1740 ||| DROPPING +0 robe.
  1741 | D:2      | 1741 ||| DROPPING ring of flight.
  1742 | D:2      | 1742 ||| DROPPING ring of magical power.
  1743 | D:2      | 1743 ||| UPGRADING to ring of willpower.
  1744 | D:2      | 1744 ||| READING scroll labelled MOD HASEXYUMEDGH.
  1747 | D:2      | 1747 ||| READING scroll labelled DESO JOSON SOHORUA.
  1748 | D:2      | 1748 ||| READING scroll labelled IXYLUFF UVVIA.
  1789 | D:3      | Found Diffuhyr's Antique Weapon Shop.
  2029 | D:3      | 2029 ||| Stepping ~*~*~tactically~*~*~ (water).
  2053 | D:3      | Found Wemec's Book Emporium.
  2070 | D:3      | 2070 ||| Stepping ~*~*~tactically~*~*~ (outnumbered).
  2072 | D:3      | 2072 ||| Stepping ~*~*~tactically~*~*~ (outnumbered).
  2076 | D:3      | Reached XP level 5. HP: 29/30 MP: 6/6
  2082 | D:3      | HP: 7/30 [orc/+0 trident (4)]
  2083 | D:3      | Slain by an orc

Levels and vault maps discovered:
D:1:      denvon_arrival_waterhouse, layout_loops_ring,
          chequers_ecumenical_altar_lobes, minmay_misc_feat_roman,
          minmay_close_crescents
D:2:      layout_basic, minmay_hexomino_u4
D:3:      corexii_shack_village, layout_basic, kennysheep_slug_shrine,
          serial_shops, shop_coins, nicolae_shop_tiny_glass,
          nicolae_shop_window_shopping, saegor_snake_ambush, uniq_grinder

Skill      XL: |  1  2  3  4 |
---------------+-------------+-----
Ranged Weapons | 3 4 |  4.7
Fighting       | 2 |  2.0
Dodging        | |  1.5
Spellcasting   | |  1.0
Hexes          | |  2.6

Action                     |  1- 3 |  4- 6 || total
---------------------------+-------+-------++-------
   Fire: Sling             |    79 |   126 ||   205
    Use: Scroll            |     2 |     3 ||     5
         Potion            |     1 |     1 ||     2
 Armour: Robe              |     6 |     6 ||    12
         Leather armour    |       |    16 ||    16
  Dodge: Dodged            |    18 |    47 ||    65

Table legend:
 A = Non-vault XP
 B = Vault XP
 C = Vault XP percentage of total XP
 D = Non-vault monster count
 E = Vault monster count
 F = Vault count percentage of total count
                 A         B        C        D         E       F
            +---------+---------+-------+---------+---------+-------
      Total |     141 |      24 |  14.5 |      54 |       7 |  11.5
            +---------+---------+-------+---------+---------+-------
        D:1 |      28 |       7 |  20.0 |      20 |       4 |  16.7
        D:2 |      82 |       4 |   4.7 |      22 |       2 |   8.3
        D:3 |      31 |      13 |  29.5 |      12 |       1 |   7.7
            +---------+---------+-------+---------+---------+-------
